 Dungeon Crawl Stone Soup version 0.32-a0-900-g30fb1b0edc (webtiles) character file.

Game seed: 17473190360767345024

120841 Suzi the Marksgoblin (level 16, -6/118 HPs)
             Began as a Coglin Hunter on Apr 5, 2024.
             Was a High Priest of Hepliaklqana.
             Mangled by a bunyip (31 damage)
             ... on level 1 of the Swamp on Apr 6, 2024.
             The game lasted 00:41:26 (27642 turns).

Suzi the Marksgoblin (Coglin Hunter)               Turns: 27642, Time: 00:41:27

Health: -6/118     AC: 14    Str: 13    XL:     16   Next: 83%
Magic:  23/23      EV: 22    Int:  9    God:    Hepliaklqana [*****.]
Gold:   2859       SH:  0    Dex: 24    Spells: 11/15 levels left

rFire   . . .        a - +2 sling {Decima}
rCold   . . .        z - +3 sling (flame) {Kamaljyot}
rNeg    . . .        D - +0 steam dragon scales
rPois   .            S - +2 hat {Stlth+}
rElec   .            w - +0 cloak
rCorr   .            W - +1 pair of gloves
SInv    .            L - +2 pair of boots
Will    +....        (amulet unavailable)
Stlth   +++          (ring unavailable)
HPRegen 0.39/turn    (ring unavailable)
MPRegen 0.18/turn    (no gizmo)

%: no passive effects
@: lethally poisoned (-6 -> -69), revved
A: reduced essence, off-hand wielding, slow wielding, warmup strikes, no
jewellery
a: Invent Gizmo, Renounce Religion, Recall Ancestor, Ancestor Identity,
Transference, Idealise


You were on level 1 of the Swamp.
You worshipped Hepliaklqana.
Hepliaklqana was extremely pleased with you.
You visited 5 branches of the dungeon, and saw 24 of its levels.
You also visited: Volcano.

You collected 3160 gold pieces.
You spent 301 gold pieces at shops.

Inventory:

Hand Weapons
 a - a +2 sling (weapon) {Decima}
 z - a +3 sling of flaming (offhand) {Kamaljyot}
Missiles
 p - 4 throwing nets {=f!f}
 V - 4 curare-tipped darts {=f}
Armour
 w - a +0 cloak (worn)
 D - +0 steam dragon scales (worn)
 L - a +2 pair of boots (worn)
 S - a +2 hat of stealth (worn)
 W - a +1 pair of gloves (worn)
Wands
 c - a wand of warping (8)
 d - a wand of quicksilver (8)
 s - a wand of flame (15)
 F - a wand of mindburst (9)
 G - a wand of polymorph (14)
 P - a wand of digging (3)
 T - a wand of charming (16)
Scrolls
 f - 4 scrolls of vulnerability {!r!r}
 g - 2 scrolls of poison {!r}
 l - 2 scrolls of revelation
 n - 8 scrolls of enchant weapon
 u - 2 scrolls of torment {!r}
 y - a scroll of immolation {!r!r}
 A - 2 scrolls of fog
 B - 6 scrolls of teleportation {@r4}
 E - 4 scrolls of enchant armour
 I - a scroll of silence {!r!r}
 J - a scroll of amnesia
Potions
 e - 4 potions of attraction {!q}
 h - a potion of might
 j - 2 potions of degeneration {unknown}
 k - a potion of berserk rage {!q}
 m - 3 potions of lignification {!q}
 o - 3 potions of haste {@q3}
 q - 10 potions of curing {unknown}
 r - 4 potions of mutation {!q}
 t - a potion of magic
 v - 3 potions of brilliance
 x - a potion of heal wounds {@q2}
 C - 3 potions of enlightenment {unknown}
 Q - a potion of ambrosia {unknown}
 R - a potion of cancellation {unknown}
 U - 2 potions of invisibility {unknown}
 Y - a potion of resistance {unknown}
Miscellaneous
 b - a phantom mirror
 i - a lightning rod (4/4)
 H - a tin of tremorstones (2/2)


   Skills:
 + Level 13.9 Fighting
 - Level 18.0 Ranged Weapons
 * Level 3.5 Armour
 + Level 12.8 Dodging
 - Level 0.7 Stealth
 + Level 10.3 Invocations


You had 11 spell levels left.
You knew the following spells:

 Your Spells              Type           Power      Damage    Failure   Level
p - Passage of Golubria   Tloc           0%         N/A       99%         4

Your spell library contained the following spells:

 Spells                   Type           Power      Damage    Failure   Level
 Sting                    Conj/Alch      0%         1d3       38%         1
 Call Imp                 Summ           0%         N/A       52%         2
 Ensorcelled Hibernation  Hex/Ice        0%         N/A       52%         2
 Mercury Vapours          Alch/Air       0%         N/A       52%         2
 Sublimation of Blood     Necr           0%         N/A       52%         2
 Fugue of the Fallen      Necr           0%         N/A       77%         3
 Tukima's Dance           Hex            0%         N/A       77%         3
 Anguish                  Hex/Necr       0%         N/A       99%         4
 Animate Armour           Summ/Erth      0%         N/A       99%         4
 Olgreb's Toxic Radiance  Alch           0%         N/A       99%         4
 Summon Lightning Spire   Summ/Air       0%         N/A       99%         4
 Vhi's Electric Charge    Tloc/Air       0%         N/A       99%         4
 Arcjolt                  Conj/Air       0%         1d10      100%        5
 Lee's Rapid Deconstruct  Erth           0%         3d4*      100%        5
 Summon Forest            Summ/Tloc      0%         N/A       100%        5
 Summon Mana Viper        Hex/Summ       0%         N/A       100%        5
 Yara's Violent Unravell  Hex/Alch       0%         3d3       100%        5
 Plasma Beam              Fire/Air       0%         2x1d10    100%        6
 Summon Cactus Giant      Summ           0%         N/A       100%        6
 Summon Hydra             Summ           0%         N/A       100%        7


Dungeon Overview and Level Annotations

Branches:
Dungeon (15/15)            Temple (1/1) D:6            Lair (5/5) D:11
  Swamp (1/4) Lair:2        Snake (0/4) Lair:2        Slime (0/5) Lair:5
    Orc (2/2) D:12            Elf (0/3) Orc:2        Vaults (0/5) D:13
 Depths (0/4) D:15        Volcano (visited)

Altars:
Ashenzari
Cheibriados
Dithmenos
Elyvilon
Fedhas
Gozag
Hepliaklqana
Kikubaaqudgha
Makhleb
Nemelex Xobeh
Okawaru
Qazlal
Ru
Sif Muna
Trog
Uskayaw
Vehumet
Wu Jian
Xom
Yredelemnul
Zin
The Shining One
Beogh

Shops:
D:6 (   D:8 *   D:9 ?   Orc:2 =[*(

Annotations:
D:14 1 runed translucent door
Orc:2 beogh, Rupert


Innate Abilities, Weirdness & Mutations

Your life essence is reduced to manifest your ancestor. (-10% HP)
You can wield a second weapon in your off-hand.
It takes a long time for you to wield or remove held weapons.
Your first few attacks do less damage.
You cannot equip rings or amulets.


Message History

The sling bullet burns the bunyip.
You are engulfed in poison gas.
You are more poisoned.
You feel extremely sick.
The bunyip howls a warning cry!
Gubom Jankae hits the bunyip with a +0 broad axe of flaming!
Gubom Jankae burns the bunyip!
Unknown command.
You are too injured to fight recklessly!
You are too injured to fight recklessly!
You are too injured to fight recklessly!
You are too injured to fight recklessly!
Unknown command.
You are too injured to fight recklessly!
Unknown command.
Fire: a) +2 sling {Decima}
Press: ? - help, Q - select action, (/) - cycle Shift-Dir - straight line, f/p - bunyip
Aim: a bunyip (moderately wounded, catching its breath, ally target, 75% to hit)
You shoot a sling bullet. The sling bullet hits the bunyip.
You shoot a sling bullet.
The sling bullet closely misses the bunyip.
You are engulfed in poison gas.
You are more poisoned.
You feel extremely sick.
Fire: a) +2 sling {Decima}
Press: ? - help, Q - select action, (/) - cycle Shift-Dir - straight line, f/p - bunyip
Aim: a bunyip (heavily wounded, catching its breath, ally target, 75% to hit)
You shoot a sling bullet. The sling bullet hits the bunyip!
You shoot a sling bullet. The sling bullet hits the bunyip.
The sling bullet burns the bunyip.
You are engulfed in poison gas.
You are lethally poisoned!
* * * LOW HITPOINT WARNING * * *
You feel extremely sick.
Fire: a) +2 sling {Decima}
Press: ? - help, Q - select action, (/) - cycle Shift-Dir - straight line, f/p - bunyip
Aim: a bunyip (heavily wounded, catching its breath, ally target, 75% to hit)
You shoot a sling bullet. The sling bullet hits the bunyip.
The sling bullet burns the bunyip.
You shoot a sling bullet. The sling bullet hits the bunyip!
You are engulfed in poison gas.
You are more poisoned.
* * * LOW HITPOINT WARNING * * *
x2 You feel extremely sick.
You feel much better.
You are engulfed in poison gas.
You are more poisoned.
* * * LOW HITPOINT WARNING * * *
x2 You feel extremely sick.
The bunyip claws you!!
You die...
Hepliaklqana delivers you to your ancestors.

...~.♣♣
♣...~~..♣♣♣♣♣..♣
~~~...♣♣♣ ♣♣~♣~...♣
♣♣♣♣ ~~~.....♣
♣♣♣♣♣♣♣♣ .~~~~~..♣
♣♣♣♣.♣♣ ~.~~~~.♣♣
♣♣♣♣♣~♣~§~
[~♣~♣♣♣♣♣♣♣♣..♣♣.~~♣
§♣♣♣♣ ♣♣.~....♣...♣♣
♣♣ ♣♣~~~...~♣°..~♣~♣
♣.~~~...♣°@...~♣ ♣
♣.~~~...~♣x.°†♣..~
♣♣
♣♣§~~~..~~♣♣R○♣~~~.
.♣♣ ♣♣.~~~.♣♣~♣♣
..~.~~.
.§♣♣♣.~~~.~♣♣♣♣
~...~~. ~~♣♣..~~..♣♣
~.....♣ .♣♣..~...~.♣
~.....♣
...~~.(..♣~.♣
~..~..♣
~.~~....♣♣♣♣♣


You could see the friendly Gubom Jankae the knight and a bunyip (ally target).

Vanquished Creatures
  Jorgrun (D:14)
  Gastronok (Lair:1)
  Roxanne (D:15)
  An orc warlord (Orc:1)
  Azrael (D:15)
  Nessos (D:15)
  The ghost of Losh the Reanimator, a journeyman FoNe of Ashenzari (Lair:2)
  An ettin (D:15)
  Josephine (Orc:2)
  Erolcha (Orc:2)
  A rakshasa (D:14)
  2 ghost crabs (Swamp:1)
  2 vault guards (D:13)
  3 alligators (Swamp:1)
  A boulder beetle (Lair:5)
  6 hydras
  8 two-headed ogres
  2 centaur warriors
  2 tengu warriors (D:15)
  Sonja (Lair:4)
  6 death yaks
  A hell knight (Volcano)
  A skyshark (Lair:5)
  4 skeletal warriors (D:14)
  2 spriggan druids
  3 bog bodies (Swamp:1)
  A swamp dragon (Swamp:1)
  2 wolf spiders
  6 orc knights
  2 orc sorcerers (Orc:2)
  A will-o-the-wisp (Swamp:1)
  4 cyclopes
  2 ugly things
  Maurice (D:8)
  5 elephants
  A manticore (D:15)
  A guardian serpent (Lair:5)
  10 black mambas
  A kobold blastminer (Orc:1)
  3 gargoyles
  Maggie (Lair:2)
  A smoke demon (Volcano)
  A torpor snail (Lair:4)
  10 cane toads
  2 unseen horrors
  11 komodo dragons
  A bloated husk (Swamp:1)
  4 tengu conjurers
  13 trolls
  6 polar bears (Lair:5)
  A raiju (Lair:5)
  5 hornets
  16 blink frogs
  A centaur simulacrum (D:14)
  2 slime creatures (D:12)
  49 yaks
  A spriggan (D:12)
  2 shadows
  11 wyverns
  A fire elemental (D:15)
  5 humans (D:13)
  3 wraiths
  4 fire bats (Volcano)
  3 basilisks
  7 wargs
  2 steam dragons
  5 vampire mosquitoes
  Menkaure (D:7)
  A swamp worm (Swamp:1)
  2 acid dragons
  4 nagas (Lair:2)
  20 water moccasins
  17 hell hounds
  A sky beast (D:8)
  26 orc warriors
  14 black bears
  11 ogres
  2 centaurs
  31 wolves
  2 phantoms
  2 kobold brigands
  3 gnoll sergeants
  11 bullfrogs
  3 scorpions
  6 wights
  12 killer bees
  2 electric eels
  3 howler monkeys
  3 lava snakes (Volcano)
  4 hounds
  2 bombardier beetles (D:6)
  5 jellies
  12 orc priests
  2 gnoll boudas
  4 iguanas
  A sleepcap (D:6)
  Natasha (D:3)
  Terence (D:3)
  15 orc wizards
  Robin (D:3)
  20 gnolls
  7 adders
  A shadow imp (D:8)
  2 white imps
  2 ufetubi (D:5)
  3 ribbon worms
  2 dart slugs
  52 orcs
  9 ball pythons
  6 bats (D:1)
  9 endoplasms
  2 giant cockroaches
  19 goblins
  8 hobgoblins
  3 jackals (D:1)
  9 kobolds
  5 quokkas
  5 frilled lizards
  9 rats
661 creatures vanquished.

Vanquished Creatures (collateral kills)
  3 vault guards (D:13)
  A hydra (Lair:3)
  A boulder beetle (D:14)
  An ogre mage (Orc:2)
  A centaur warrior (D:13)
  2 two-headed ogres
  2 death yaks
  2 tengu warriors
  A hell hog (Lair:5)
  An occultist (D:15)
  An orc high priest (Orc:2)
  A spriggan druid (Lair:2)
  An obsidian statue (Volcano)
  3 orc knights
  An arcanist (D:13)
  A deep elf pyromancer (D:15)
  A cyclops (D:12)
  4 elephants
  A manticore (D:15)
  4 cane toads
  3 black mambas
  An efreet (D:13)
  A komodo dragon (D:10)
  2 tengu conjurers (D:13)
  3 polar bears (Lair:5)
  5 trolls
  A hornet (D:11)
  A raiju (Lair:5)
  A wraith (Orc:2)
  2 slime creatures
  4 wyverns (Lair:5)
  10 yaks
  2 fire bats (Volcano)
  3 wargs (Lair:5)
  2 basilisks
  2 fire elementals (D:15)
  A redback (Lair:5)
  A steam dragon (D:8)
  A vampire mosquito (Swamp:1)
  A swamp worm (Swamp:1)
  2 water moccasins
  4 hell hounds
  2 black bears (Lair:5)
  5 orc warriors
  A swamp drake (Swamp:1)
  4 wolves
  A bullfrog (Lair:1)
  3 wights
  4 killer bees
  A howler monkey (D:13)
  2 orc priests
  6 orc wizards
  2 gnolls
  An orc (Orc:2)
118 creatures vanquished.

Vanquished Creatures (others)
  2 humans (D:13)
  17 knights
  An ancestor (D:7)
  2 foxfires (Swamp:1)
22 creatures vanquished.

Grand Total: 801 creatures vanquished

Notes
Turn   | Place    | Note
-------+----------+-------------------------------------------
     0 | D:1      | Suzi the Coglin Hunter began the quest for the Orb.
     0 | D:1      | Reached XP level 1. HP: 16/16 MP: 1/1
   121 | D:1      | Reached skill level 4 in Ranged Weapons
   121 | D:1      | Reached XP level 2. HP: 22/22 MP: 2/2
   197 | D:1      | Reached XP level 3. HP: 25/27 MP: 3/3
   671 | D:2      | Reached skill level 5 in Ranged Weapons
   706 | D:2      | Reached XP level 4. HP: 33/33 MP: 4/4
   706 | D:2      | Found a faded altar of an unknown god.
  1455 | D:3      | Reached XP level 5. HP: 38/38 MP: 5/5
  1459 | D:3      | Found a shimmering altar of Xom.
  1464 | D:3      | Found a shimmering altar of Xom.
  1542 | D:3      | Noticed Robin
  1557 | D:3      | Killed Robin
  1634 | D:3      | Reached skill level 6 in Ranged Weapons
  1784 | D:3      | Noticed Natasha
  1793 | D:3      | Killed Natasha
  1941 | D:3      | Noticed Terence
  1950 | D:3      | Killed Terence
  1951 | D:3      | Reached XP level 6. HP: 33/44 MP: 6/6
  2116 | D:4      | Noticed a black bear
  2122 | D:4      | Killed a black bear
  2631 | D:4      | Reached skill level 7 in Ranged Weapons
  2830 | D:4      | Reached XP level 7. HP: 50/50 MP: 7/7
  3334 | D:5      | Entered Level 5 of the Dungeon
  3394 | D:5      | Found a broken altar of Ashenzari.
  3564 | D:5      | Reached skill level 8 in Ranged Weapons
  3626 | D:5      | Reached XP level 8. HP: 42/56 MP: 8/8
  3750 | D:5      | Reached skill level 9 in Ranged Weapons
  4197 | D:6      | Found a staircase to the Ecumenical Temple.
  4207 | Temple   | Entered the Ecumenical Temple
  4211 | Temple   | Became a worshipper of Hepliaklqana the Forgotten
  4288 | D:6      | Found Jokuoroa's Antique Weapon Shop.
  4294 | D:6      | Bought a runed sling for 139 gold pieces
  4575 | D:6      | Reached skill level 10 in Ranged Weapons
  4801 | D:6      | Found a radiant altar of Vehumet.
  5028 | D:7      | Noticed Menkaure
  5032 | D:7      | Killed Menkaure
  5071 | D:7      | Reached * piety under Hepliaklqana
  5114 | D:7      | Reached skill level 11 in Ranged Weapons
  5114 | D:7      | Reached XP level 9. HP: 54/54 MP: 9/9
  5246 | D:7      | Found a glowing silver altar of Zin.
  5246 | D:7      | Noticed an angel
  5308 | D:7      | Noticed a hornet
  5316 | D:7      | Killed a hornet
  5638 | D:8      | Found a snail-covered altar of Cheibriados.
  5653 | D:8      | Reached skill level 12 in Ranged Weapons
  5724 | D:8      | Noticed Maurice
  5733 | D:8      | Killed Maurice
  5979 | D:8      | Reached skill level 13 in Ranged Weapons
  6004 | D:8      | Found an opulent altar of Gozag.
  6081 | D:8      | Reached ** piety under Hepliaklqana
  6082 | D:8      | Remembered your ancestor Gubom Jankae as a knight
  6161 | D:8      | Reached XP level 10. HP: 60/60 MP: 10/10
  6495 | D:8      | Found Xeaptoch's General Store.
  7113 | D:9      | Noticed a two-headed ogre
  7120 | D:9      | Killed a two-headed ogre
  7211 | D:9      | Found Gocwyur's Magic Scroll Shoppe.
  7244 | D:9      | Reached skill level 14 in Ranged Weapons
  7597 | D:10     | Entered Level 10 of the Dungeon
  7651 | D:10     | Reached skill level 3 in Fighting
  7695 | D:10     | Noticed a two-headed ogre
  7705 | D:10     | Killed a two-headed ogre
  7706 | D:10     | Reached skill level 3 in Dodging
  7730 | D:10     | Noticed a two-headed ogre
  7738 | D:10     | Killed a two-headed ogre
  7739 | D:10     | Reached XP level 11. HP: 68/68 MP: 11/11
  8051 | D:10     | Reached skill level 15 in Ranged Weapons
  8167 | D:10     | Reached *** piety under Hepliaklqana
  8180 | D:10     | Found a burning altar of Makhleb.
  8180 | D:10     | Noticed a cacodemon
  8231 | D:10     | Noticed a centaur warrior
  8437 | D:10     | Killed a centaur warrior
  8836 | D:10     | Found a white marble altar of Elyvilon.
  8871 | D:10     | Reached skill level 6 in Fighting
  9391 | D:11     | Reached XP level 12. HP: 69/79 MP: 12/12
  9613 | D:11     | Reached skill level 6 in Dodging
  9662 | D:11     | Noticed a two-headed ogre
  9672 | D:11     | Killed a two-headed ogre
  9673 | D:11     | Reached skill level 16 in Ranged Weapons
  9763 | D:11     | Found a staircase to the Lair.
  9794 | D:11     | Noticed a two-headed ogre
  9801 | D:11     | Killed a two-headed ogre
 10173 | D:12     | Found a staircase to the Orcish Mines.
 10490 | D:12     | Noticed a two-headed ogre
 10495 | D:12     | Killed a two-headed ogre
 10510 | D:12     | Reached **** piety under Hepliaklqana
 10794 | D:12     | Identified the +0 leather armour "Refug" {Str+3}
 11116 | Lair:1   | Entered Level 1 of the Lair of Beasts
 11237 | Lair:1   | Noticed Gastronok
 11273 | Lair:1   | Killed Gastronok
 11490 | Lair:1   | Reached XP level 13. HP: 88/88 MP: 13/13
 11571 | Lair:1   | Reached skill level 17 in Ranged Weapons
 12834 | Lair:1   | Identified the +1 buckler of Whack-A-Mole {Dex+2}
 13527 | Lair:2   | Found a staircase to the Snake Pit.
 13557 | Lair:2   | Found a runed translucent door.
 13560 | Lair:2   | Noticed Losh's ghost (journeyman FoNe)
 13619 | Lair:2   | Reached skill level 9 in Fighting
 13675 | Lair:2   | Noticed Maggie
 13683 | Lair:2   | Killed Maggie
 13758 | Lair:2   | Reached ***** piety under Hepliaklqana
 13909 | Lair:2   | Found a staircase to the Swamp.
 14701 | Lair:3   | Reached skill level 18 in Ranged Weapons
 15152 | Lair:4   | Reached skill level 9 in Dodging
 15189 | Lair:4   | Reached XP level 14. HP: 99/99 MP: 14/14
 15268 | Lair:4   | Reached skill level 1 in Invocations
 15269 | Lair:4   | Noticed Sonja
 15279 | Lair:4   | Killed Sonja
 15590 | Lair:4   | Reached skill level 3 in Invocations
 16245 | Lair:5   | Entered Level 5 of the Lair of Beasts
 17398 | Lair:5   | Reached skill level 6 in Invocations
 17466 | Lair:5   | Found a staircase to the Slime Pits.
 17654 | Lair:5   | Reached XP level 15. HP: 107/107 MP: 19/19
 19014 | Orc:1    | Entered Level 1 of the Orcish Mines
 19104 | D:12     | Reached skill level 12 in Fighting
 19879 | Orc:2    | Entered Level 2 of the Orcish Mines
 19897 | Orc:2    | Found a roughly hewn altar of Beogh.
 19910 | Orc:2    | Noticed Erolcha
 19925 | Orc:2    | Killed Erolcha
 19957 | Orc:2    | Found a dark tunnel.
 19976 | Volcano  | Entered a volcano
 20378 | Volcano  | Found a burning altar of Makhleb.
 21088 | Orc:2    | Noticed an orc warlord
 21427 | Orc:1    | Killed an orc warlord
 21637 | Orc:2    | Reached skill level 9 in Invocations
 21843 | Orc:2    | Found a roughly hewn altar of Beogh.
 21845 | Orc:2    | Found Qaigujul's Antique Weapon Emporium.
 21867 | Orc:2    | Found Ruanaxt's Jewellery Emporium.
 21898 | Orc:2    | Noticed Rupert
 21899 | Orc:2    | Noticed Josephine
 21953 | Orc:2    | Killed Josephine
 22194 | Orc:2    | Found a staircase to the Elven Halls.
 22237 | Orc:2    | Found Waesed's Antique Armour Emporium.
 22257 | Orc:2    | Paralysed by Rupert for 5 turns
 22266 | Orc:2    | Paralysed by Rupert for 5 turns
 22271 | Orc:2    | HP: 3/109 [Rupert/+5 great mace of pain (6)]
 22669 | Orc:2    | Found Zahodeo's General Store.
 22676 | Orc:2    | Bought a scroll of blinking for 97 gold pieces
 22676 | Orc:2    | Bought a scroll of identify for 26 gold pieces
 22676 | Orc:2    | Bought a scroll of teleportation for 39 gold pieces
 23338 | D:13     | Reached XP level 16. HP: 116/116 MP: 23/23
 24001 | D:13     | Found a gate to the Vaults.
 24327 | D:14     | Reached skill level 12 in Dodging
 24520 | D:14     | Noticed Jorgrun
 24533 | D:14     | Killed Jorgrun
 24801 | D:14     | Found a runed translucent door.
 25199 | D:15     | Entered Level 15 of the Dungeon
 25227 | D:15     | Noticed Azrael
 25241 | D:15     | Killed Azrael
 25495 | D:15     | Found a staircase to the Depths.
 25641 | D:15     | Noticed Roxanne
 25966 | D:14     | Learned a level 4 spell: Passage of Golubria
 26124 | D:15     | Noticed Nessos
 26132 | D:15     | Killed Nessos
 26237 | D:15     | Reached skill level 1 in Armour
 26618 | D:15     | Killed Roxanne
 26865 | Lair:2   | Killed Losh's ghost
 26956 | Swamp:1  | Entered Level 1 of the Swamp
 27369 | Swamp:1  | Reached skill level 3 in Armour
 27642 | Swamp:1  | Mangled by a bunyip

Illustrated notes

Levels and vault maps discovered:
D:1:      onia_arrival_pyramid, layout_rooms
D:2:      cheibrodos_helix_gallery, layout_basic,
          shapermc_ecumenical_altar_mp_highgroup, st_stairs_5,
          corexii_item_surrounded_by_moat
D:3:      layout_basic, xom_redecorated, uniq_robin, uniq_natasha, uniq_terence
D:4:      layout_layer_cave, minmay_hedge_maze
D:5:      layout_loops_ring, mainiacjoe_overflow_paths,
          nicolae_houndstooth_variations
D:6:      layout_basic, amcnicky_altar_gilded, minmay_temple_entry_overgrown,
          serial_shops, shop
D:7:      layout_loops_cross, zin_angel, grunt_decor_cap, uniq_menkaure
D:8:      layout_layer_cave, kennysheep_slug_shrine,
          lemuel_coloured_pillars_altar, serial_shops, shop, uniq_maurice
D:9:      layout_irregular_city, serial_shops, shop, nicolae_zig_zag_zippers
D:10:     hangedman_cross_cluster, layout_gridville,
          mainiacjoe_overflow_cross_hatched, makhleb_altar_promises_db
D:11:     layout_loops_ring, david_lair_generic
D:12:     layout_irregular_city, erik_orc_3, mrwooster_statue_mirror
D:13:     layout_cave_pools, ximxim_vaults_locker_room, hangedman_glass_teeth,
          minmay_misc_feat_encased, the_hattery
D:14:     dreamdust_dug_too_deep, layout_gridville, uniq_jorgrun
D:15:     hangedman_depths_entry_civil_slaughter, layout_loops_ring,
          uniq_roxanne, uniq_azrael, uniq_nessos
Temple:   zaba_magenta_temple
Lair:1:   layout_loops_ring, uniq_gastronok
Lair:2:   layout_cave_pods, mainiacjoe_swamp_entry_angry_trees,
          minmay_snake_entry_guardpost_large, ebering_ghost_reflecting_pool,
          lemuel_fruit_tree, infiniplex_staircase_pool, uniq_maggie
Lair:3:   layout_cave_shapes, dreamdust_gnoll_shepherd
Lair:4:   layout_regular_city, grunt_megastairs_4, serial_bayou_shore_a,
          uniq_sonja
Lair:5:   hangedman_lair_caniforms_friends, layout_cave_shapes,
          hangedman_lair_tendril_chambers, minmay_slime_entry_pillars,
          minivault_24, grunt_megastairs_2
Swamp:1:  layout_basic_swamp, nicolae_swamp_reclaimed_castle
Orc:1:    layout_caves, special_room [special_room_orc]
Orc:2:    grunt_orc_cross, layout_diamond_mine, basic_altar, enter_volcano_3,
          uniq_rupert, uniq_erolcha, uniq_josephine

Skill      XL: |  1  2  3  4  5  6  7  8  9 10 11 12 13 14 15 16 |
---------------+-------------------------------------------------+-----
Ranged Weapons | 4 5 6 7 8 11 13 14 15 16 18 | 18.0
Dodging        | 3 5 7 9 10 11 12 | 12.8
Fighting       | 3 6 8 10 11 12 13 | 13.9
Invocations    | 6 9 10 | 10.3
Armour         | 3 |  3.5
Stealth        | |  0.7

Action                     |  1- 3 |  4- 6 |  7- 9 | 10-12 | 13-15 | 16-18 || total
---------------------------+-------+-------+-------+-------+-------+-------++-------
  Melee: Sling             |       |       |       |       |       |     2 ||     2
   Fire: Sling             |   156 |   292 |   460 |  1196 |  3372 |  1044 ||  6520
 Invoke: Ancestor Life: Kn |       |       |     1 |       |       |       ||     1
         Recall Ancestor   |       |       |       |     1 |     6 |     3 ||    10
         Idealise          |       |       |       |       |     7 |     3 ||    10
  Evoke: Wand              |       |       |     3 |     1 |     5 |       ||     9
    Use: Scroll            |       |     1 |       |    12 |    18 |     1 ||    32
         Potion            |       |       |       |       |     6 |     1 ||     7
 Armour: Leather armour    |    14 |    20 |    47 |       |       |       ||    81
         Steam dragon scal |       |       |     2 |    62 |   255 |    54 ||   373
  Dodge: Dodged            |    18 |    26 |    52 |    65 |   395 |    84 ||   640

Table legend: (Time is in decaauts)
 A = Elapsed time spent in this place.
 B = Non-inter-level travel time spent in this place.
 C = Inter-level travel time spent in this place.
 D = Time resting spent in this place.
 E = Time spent auto-exploring this place.
 F = Levels seen in this place.
 G = Mean time per level.
                   A        B        C        D        E       F      G
               +--------+--------+--------+--------+--------+-----+--------+
         Total |  26890 |  25076 |   1814 |   4560 |  16704 |  25 | 1075.6 |
       Dungeon |  16320 |  15180 |   1140 |   2318 |  10927 |  15 | 1088.0 |
        Temple |      8 |      1 |      7 |      0 |      0 |   1 |    8.0 |
          Lair |   6566 |   6074 |    492 |    739 |   4249 |   5 | 1313.2 |
         Swamp |    676 |    676 |      0 |    231 |    326 |   1 |  676.0 |
  Orcish Mines |   2651 |   2478 |    173 |    992 |    967 |   2 | 1325.5 |
       Volcano |    666 |    666 |      0 |    279 |    234 |   1 |  666.0 |
               +--------+--------+--------+--------+--------+-----+--------+

Top non-repeatable levels by time:
  Lair:5: 2049 daAuts
    D:11: 1892 daAuts
    D:10: 1747 daAuts
    D:12: 1722 daAuts
   Orc:2: 1608 daAuts
  Lair:4: 1529 daAuts
  Lair:2: 1461 daAuts
     D:8: 1321 daAuts
    D:14: 1234 daAuts
     D:4: 1234 daAuts
    D:15: 1199 daAuts
   Orc:1: 1043 daAuts
    D:13: 918 daAuts
  Lair:1: 897 daAuts
     D:3: 889 daAuts
